 Dungeon Crawl Stone Soup version 0.27-a0-898-g810843a28d (webtiles) character file.

Game seed: 17274187468936343566

8 Alarkh the Insei (level 2, 20/22 HPs)
             Began as a Demonspawn Gladiator on Apr 5, 2021.
             Got out of the dungeon alive.
             The game lasted 00:00:26 (485 turns).

Alarkh the Insei (Demonspawn Gladiator)              Turns: 485, Time: 00:00:27

Health: 20/22      AC:  3    Str: 14    XL:     2   Next: 0%
Magic:  2/2        EV: 12    Int:  9    God:
Gold:   0          SH:  0    Dex: 14    Spells: 1/1 levels left

rFire    . . .     SeeInvis .     - Unarmed
rCold    . . .     Faith    .   (no shield)
rNeg     . . .     Spirit   .   a - +0 leather armour
rPois    .         Reflect  .   (helmet restricted)
rElec    .         Harm     .   (no cloak)
rCorr    .         Rampage  .   (no gloves)
Will     .....                  (no boots)
Stlth    +.........             (no amulet)
HPRegen  0.07/turn              (no ring)
MPRegen  0.08/turn              (no ring)

@: no status effects
A: horns 1
a: no special abilities


You escaped.
You visited 1 branch of the dungeon, and saw 1 of its levels.

Inventory:

Missiles
 c - 3 throwing nets (quivered)
Armour
 a - a +0 leather armour (worn)
 b - a +0 helmet


   Skills:
 + Level 2.2 Fighting
 - Level 1.7 Throwing
 - Level 2.6 Dodging
 * Level 3.1 Unarmed Combat


You had one spell level left.
You didn't know any spells.
Your spell library contained the following spells:

 Spells                   Type           Power      Damage    Failure   Level
 Magic Dart               Conj           0%         1d3       45%         1
 Blink                    Tloc           N/A        N/A       61%         2
 Call Imp                 Summ           0%         N/A       61%         2
 Slow                     Hex            0%         N/A       61%         2
 Conjure Flame            Conj/Fire      0%         6-21      83%         3
 Mephitic Cloud           Conj/Pois/Air  0%         N/A       83%         3


Dungeon Overview and Level Annotations

Branches:
Dungeon (1/15)

Altars:


Innate Abilities, Weirdness & Mutations

You have a pair of small horns on your head.


Message History

You barely miss the bat. The bat hits you but does no damage.
You closely miss the bat. The bat hits you but does no damage.
The bat closely misses you. The bat hits you but does no damage.
The bat barely misses you.
You closely miss the bat. The bat hits you but does no damage.
The bat hits you but does no damage. The bat barely misses you.
You hit the bat.
You kill the bat!
No target in view!
No target in view!
No target in view!
No target in view!
No target in view!
No target in view!
No target in view!
No target in view!
No target in view!
No target in view!
No target in view!
No target in view!
No target in view!
No target in view!
Found a stone staircase leading down.
An endoplasm comes into view.
The endoplasm quivers.
An endoplasm is nearby!
The endoplasm freezes you.
You are frozen.
You hit the endoplasm.
You kill the endoplasm!
You have reached level 2!
Your demonic ancestry asserts itself...
A pair of horns grows on your head!
Your +0 helmet falls away!
You see here a bat corpse.
There is an open door here.
There is an open door here.
There is a staircase leading out of the dungeon here.
Are you sure you want to leave the Dungeon?
This will make you lose the game!
You have escaped!

##### #
#...###...
#.@.....⌠.
#...###...
######'##
#.......####
#.######...#
###### #...#
#....# #...#
#^...# #...#
#....####
#...#
#.......##


There were no monsters in sight!

Vanquished Creatures
  An endoplasm (D:1)
  A hobgoblin (D:1)
  A quokka (D:1)
  4 bats (D:1)
  A kobold (D:1)
  A rat (D:1)
9 creatures vanquished.

Notes
Turn   | Place    | Note
-------+----------+-------------------------------------------
     0 | D:1      | Alarkh the Demonspawn Gladiator began the quest for the
                  | Orb.
     0 | D:1      | Reached XP level 1. HP: 16/16 MP: 1/1
   362 | D:1      | Reached skill level 3 in Unarmed Combat
   412 | D:1      | Gained mutation: You have a pair of small horns on your
                  | head. [demonic ancestry]
   412 | D:1      | Reached XP level 2. HP: 15/22 MP: 2/2
   485 | D:$      | Got out of the dungeon alive.

Illustrated notes

Levels and vault maps discovered:
D:1:      minmay_arrival_nine_rooms, layout_basic

Skill      XL: |  1 |
---------------+----+-----
Unarmed Combat | 3 |  3.1
Fighting       | |  2.2
Throwing       | |  1.7
Dodging        | |  2.6

Action                   || total
-------------------------++-------
Melee: Unarmed           ||    27
 Stab: Sleeping          ||     1
Armor: Leather armour    ||    13
Dodge: Dodged            ||    21

Table legend: (Time is in decaauts)
 A = Elapsed time spent in this place.
 B = Non-inter-level travel time spent in this place.
 C = Inter-level travel time spent in this place.
 D = Time resting spent in this place.
 E = Time spent auto-exploring this place.
 F = Levels seen in this place.
 G = Mean time per level.
                   A        B        C        D        E       F      G
               +--------+--------+--------+--------+--------+-----+--------+
         Total |    483 |    411 |     72 |    176 |    161 |   1 |  483.0 |
       Dungeon |    483 |    411 |     72 |    176 |    161 |   1 |  483.0 |
               +--------+--------+--------+--------+--------+-----+--------+

Top non-repeatable levels by time:
     D:1: 483 daAuts
